 Dungeon Crawl Stone Soup version 0.25.1-2-g60ff931df9 (webtiles) character file.

Game seed: 3724484916388092948

107439 lepoulpe303 the Grappler (level 16, -14/163 HPs)
             Began as a Troll Abyssal Knight on Sept 19, 2020.
             Was the Champion of Lugonu.
             Killed from afar by a shock serpent (25 damage)
             ... with a bolt of electricity
             ... on level 2 of the Snake Pit on Sept 20, 2020.
             The game lasted 02:05:16 (28747 turns).

lepoulpe303 the Grappler (Troll Abyssal Knight)    Turns: 28747, Time: 02:05:17

Health: -14/163    AC: 11    Str: 31    XL:     16   Next: 0%
Magic:  32/32      EV: 13    Int:  6    God:    Lugonu [******]
Gold:   1198       SH:  5    Dex:  8    Spells: 15/15 levels left

rFire    + + +     SeeInvis .     - Unarmed
rCold    + . .     Gourm    +   (no shield)
rNeg     . . .     Faith    .   m - +4 troll leather armour {regen}
rPois    +         Spirit   .   J - +1 hat
rElec    .         Reflect  +   j - -4 cloak of Noughts and Crosses {rPois Regen+ MP+9 Dex-3}
rCorr    .         Harm     .   (gloves unavailable)
MR       +....                  (boots unavailable)
Stlth    +.........             M - amulet of reflection
HPRegen  1.57/turn              F - ring of Cyhap Poa {rF+++ rC+ Str-4 Int-2 Slay+5}
MPRegen  0.23/turn              a - +6 ring of strength

@: lethally poisoned (-14 -> -14), studying Unarmed Combat
A: large, unfitting armour, claws 3, fast metabolism 3, gourmand, regeneration
1, shaggy fur 1, strong 1, tough skin 3, wild magic 1
a: Depart the Abyss, Bend Space, Banish, Corrupt, Enter the Abyss, Brand Weapon
With Distortion, Renounce Religion


You were on level 2 of the Snake Pit.
You worshipped Lugonu.
Lugonu was exalted by your worship.
You were not hungry.

You visited 4 branches of the dungeon, and saw 25 of its levels.
You visited the Abyss 1 time.
You also visited: Sewer and Gauntlet.

You collected 2497 gold pieces.
You spent 1299 gold pieces at shops.

Inventory:

Missiles
 r - 76 poisoned darts
 u - 10 silver javelins
 I - 5 large rocks (quivered) {!d}
 L - 5 boomerangs of dispersal {=f}
 S - 18 atropa-tipped darts
 Z - 2 curare-tipped darts
Armour
 j - the -4 cloak of Noughts and Crosses (worn) {rPois Regen+ MP+9 Dex-3}
   (You found it in a Gauntlet)

   It affects your dexterity (-3).
   It protects you from poison.
   It affects your magic capacity (+9).
   It increases your rate of regeneration.
 m - a +4 troll leather armour (worn) {regen}
 x - +3 ice dragon scales
 y - a scarf of invisibility
 G - a +2 robe of positive energy {rN+}
 J - a +1 hat (worn)
 O - the +1 robe of Niacun {-Tele *Contam rElec Dex+6}
   (You found it on level 13 of the Dungeon)

   It affects your dexterity (+6).
   It insulates you from electricity.
   It prevents most forms of teleportation.
   It causes magical contamination when unequipped.
 Q - a +2 cloak
 U - +0 fire dragon scales
Jewellery
 a - a +6 ring of strength (right claw)
 s - a +6 ring of strength
 E - the ring of Midnight {+Fly rC++ EV+4 Dex+4}
   (You found it on level 6 of the Dungeon)

   [ring of evasion]

   It affects your evasion (+4).
   It affects your dexterity (+4).
   It greatly protects you from cold.
   It lets you fly.
 F - the ring of Cyhap Poa (left claw) {rF+++ rC+ Str-4 Int-2 Slay+5}
   (You bought it in a shop on level 1 of the Snake Pit)

   [ring of protection from cold]

   It affects your strength (-4).
   It affects your intelligence (-2).
   It affects your accuracy and damage with ranged weapons and melee attacks
   (+5).
   It renders you almost immune to fire.
   It protects you from cold.
 H - an uncursed ring of protection from fire
 M - an amulet of reflection (around neck)
Wands
 o - a wand of iceblast (19)
 A - a wand of paralysis (12)
 C - a wand of enslavement (16)
 D - a wand of digging (17)
 W - a wand of flame (38)
Scrolls
 c - 11 scrolls of teleportation {unknown}
 f - 2 scrolls of fog
 g - 3 scrolls of fear
 i - a scroll of identify
 k - 2 scrolls of noise {!r}
 q - 3 scrolls of amnesia
 w - 11 scrolls of remove curse
 B - 2 scrolls of blinking {!r}
 N - 3 scrolls of magic mapping {!r}
Potions
 d - 2 potions of might
 h - 3 potions of haste
 l - 6 potions of heal wounds
 n - a potion of resistance
 p - a potion of berserk rage {!q}
 v - 9 potions of curing
 P - 2 potions of invisibility
 V - 2 potions of cancellation
 X - a potion of ambrosia
 Y - 2 potions of lignification {!q}
Books
 z - a manual of Unarmed Combat {!d}
Miscellaneous
 b - a phial of floods
 t - a lightning rod (4/4)
Comestibles
 e - 46 rations


   Skills:
 * Level 11.6 Fighting
 + Level 9.5 Throwing
 + Level 6.6 Armour
 + Level 9.1 Dodging
 * Level 14.8 Unarmed Combat
 * Level 11.5 Invocations
 + Level 5.0 Evocations


You had 15 spell levels left.
You didn't know any spells.
Your spell library contained the following spells:

 Spells                   Type           Power        Failure   Level  Hunger
 Corona                   Hex            #......      58%         1    ##.....
 Foxfire                  Conj/Fire      #...         58%         1    ##.....
 Corpse Rot               Necr/Air       N/A          71%         2    ###....
 Ensorcelled Hibernation  Hex/Ice        #.....       71%         2    ###....
 Slow                     Hex            #.......     71%         2    ###....
 Confusing Touch          Hex            #.......     90%         3    ####...
 Dazzling Flash           Conj/Hex       #.....       90%         3    ####...
 Ignite Poison            Fire/Tmut/Pois #.......     90%         3    ####...
 Inner Flame              Hex/Fire       #.......     90%         3    ####...
 Portal Projectile        Hex/Tloc       #.....       90%         3    ####...
 Tukima's Dance           Hex            #.......     90%         3    ####...
 Airstrike                Air            #.........   100%        4    #####..
 Cause Fear               Hex            #.........   100%        4    #####..
 Leda's Liquefaction      Hex/Erth       #.........   100%        4    #####..
 Sticky Flame             Conj/Fire      #.......     100%        4    #####..
 Dragon Form              Tmut           #.........   100%        7    #######
 Dragon's Call            Summ           #.........   100%        9    #######


Dungeon Overview and Level Annotations

Branches:
Dungeon (15/15)            Temple (0/1) D:5            Lair (6/6) D:9
  Swamp (0/4) Lair:4        Snake (2/4) Lair:2        Slime (0/5) Lair:5
    Orc (2/2) D:11            Elf (0/3) Orc:2        Vaults (0/5) D:13
 Depths (0/5) D:15          Sewer (visited)         Gauntlet (visited)

Altars:
Ashenzari
Dithmenos
Elyvilon
Okawaru
Ru
Xom
Beogh
Jiyva

Shops:
D:6 =   D:7 %   Orc:2 !(([}   Snake:1 }==

Annotations:
Lair:3 3 runed translucent doors, Tobisume's ghost, journeyman DsBe


Innate Abilities, Weirdness & Mutations

You are too large for most types of armour.
You have claws for hands.
Your metabolism is lightning-fast.
You like to eat raw meat.
Your natural rate of healing is unusually fast.
You are covered in fur. (AC +1)
You have extremely tough skin. (AC +3)
Your muscles are strong. (Str +2)
Your spells are a little harder to cast, but a little more powerful.


Message History

Aim: a shock serpent (moderately wounded, chance to defeat MR: 69%)
The shock serpent is blasted!
The now-empty wand crumbles to dust.
The shock serpent's electric aura discharges, shocking you!
* * * LOW HITPOINT WARNING * * *
You feel sick.
The shock serpent bites you but does no damage.
You take 6 damage, and have 18/163 hp.
You feel much better.
You feel sick.
The shock serpent completely misses you.
The shock serpent bites you.
* * * LOW HITPOINT WARNING * * *
The shock serpent shocks you!
* * * LOW HITPOINT WARNING * * *
You regained 16 hp, and now have 34/163 hp.
You barely miss the shock serpent.
You feel sick.
The shock serpent shoots out a bolt of lightning at you!
The bolt of electricity hits you!!
* * * LOW HITPOINT WARNING * * *
The bolt of electricity hits you!!
You die...

#.. #... #....
#..... #####
#..8..#
##.8.##.?.....
#.....#[......
#8.<.)S†8.>.8.
#....@#.......
##.8.##.......
##### #..8..#
#..... #....
#.NN #..


You could see a shock serpent.

Levels and vault maps discovered:
D:1:      roderic_crossed_star, layout_loops_ring, minmay_misc_feat_ornament
D:2:      layout_loops_corners
D:3:      layout_basic, uniq_natasha, uniq_grinder
D:4:      layout_rooms, gup_sewer_entry_bowl
D:5:      layout_loops_corners, lemuel_crystal_altar, minmay_temple_entry_mist,
          first_ration
D:6:      layout_basic, serial_shops, shop, corexii_checkpoint_a,
          minmay_fire_ice_demons, uniq_crazy_yiuf_cottage
D:7:      layout_rooms, serial_shops, nicolae_shop_crystal, elyvilon_altar_5
D:8:      layout_loops_cross, uniq_psyche
D:9:      layout_gridville, erik_lair_orcish_takeover, grunt_pizzeria,
          nicolae_dithmenos_shadow_blocks, uniq_maggie, uniq_pikel
D:10:     layout_roguey [special_room_bee], billiards_dpeg, uniq_nergalle
D:11:     layout_roguey [special_room_orc], orc_0_dummy
D:12:     layout_rooms, grunt_ministairs_5, serial_park_tiny_2, uniq_frances
D:13:     layout_cave_pools, david_vaults_4, gauntlet_entry_generic,
          basic_altar, nicolae_ru_sacrificial_ziggurat
D:14:     layout_stronghold
D:15:     grunt_enter_depths_hoard, layout_basic, evilmike_ruin_ashenzari,
          chequers_serial_rivers_marsh, minivault_25
Lair:1:   layout_long_grid, lemuel_fruit_tree, infiniplex_staircase_pool_2,
          uniq_harold
Lair:2:   layout_concentric_octagons, dummy_snake_entry, beast_lair_carwin_9,
          uniq_gastronok, uniq_fannar
Lair:3:   layout_roguey, gammafunk_ghost_split, uniq_snorg
Lair:4:   layout_roguey, skrybe_swamp_entry_bodies, infiniplex_staircase_pool,
          uniq_sonja
Lair:5:   layout_cellular_growth, slime_altar_1, grunt_megastairs_4
Lair:6:   evilmike_catoblepas_cave, layout_cave_pods
Snake:1:  layout_rooms, st_stairs_12, minmay_shop_grove
Snake:2:  layout_onion_interference, serial_bayou_shore_a, grunt_megastairs_3
Orc:1:    layout_diamond_mine, nicolae_orc_flooded_monolith, uniq_maurice
Orc:2:    grunt_orc_community_town_hall, layout_diamond_mine,
          grunt_orc_community_big_house_1, grunt_orc_community_big_house_2,
          grunt_orc_community_house_1, grunt_orc_community_house_1,
          grunt_orc_community_house_2, grunt_orc_community_house_1,
          serial_shops, nicolae_shop_competitors_out_of_business,
          abandoned_shop, lemuel_statue_altar

Notes
Turn   | Place    | Note
-------+----------+-------------------------------------------
     0 | Abyss:1  | lepoulpe303 the Troll Abyssal Knight began the quest for
                  | the Orb.
     0 | Abyss:1  | Reached XP level 1. HP: 22/22 MP: 1/1
    52 | Abyss:1  | Noticed a small abomination
    59 | D:1      | Escaped the Abyss
    81 | D:1      | Identified a +0 dagger
   112 | D:1      | Identified a cursed -2 dagger
   121 | D:1      | Reached * piety under Lugonu
   124 | D:1      | Reached skill level 2 in Dodging
   135 | D:1      | Identified a +0 dagger
   151 | D:1      | Identified a +0 dagger
   156 | D:1      | Reached XP level 2. HP: 27/29 MP: 2/2
   156 | D:1      | Identified a +0 dagger
   344 | D:1      | Identified a +0 club
   451 | D:1      | Identified a +0 club
   456 | D:1      | Identified a +0 club
   456 | D:1      | Identified a +0 club
   467 | D:1      | Reached XP level 3. HP: 36/36 MP: 3/3
   545 | D:1      | Identified a +0 whip
   548 | D:1      | Reached skill level 2 in Invocations
   965 | D:2      | Reached skill level 1 in Throwing
   965 | D:2      | Reached skill level 3 in Unarmed Combat
   979 | D:2      | Reached ** piety under Lugonu
  1147 | D:2      | Reached XP level 4. HP: 40/44 MP: 4/4
  1162 | D:2      | Identified a +0 club
  1863 | D:3      | Noticed Grinder
  1863 | D:3      | Paralysed by Grinder for 4 turns
  1878 | D:3      | Killed Grinder
  1878 | D:3      | Reached skill level 3 in Fighting
  1878 | D:3      | Reached skill level 4 in Unarmed Combat
  1878 | D:3      | Reached XP level 5. HP: 36/53 MP: 4/6
  1878 | D:3      | Reached XP level 6. HP: 42/61 MP: 4/7
  2118 | D:3      | Identified a +0 whip
  2118 | D:3      | Identified a +0 leather armour
  2124 | D:3      | Identified a +0 dagger of venom
  2124 | D:3      | Identified a +0 robe
  2128 | D:3      | Identified a +0 club
  2128 | D:3      | Identified a +0 leather armour
  2219 | D:3      | Identified a +0 whip
  2219 | D:3      | Identified a +0 leather armour
  2229 | D:3      | Reached skill level 2 in Throwing
  2320 | D:3      | Reached skill level 3 in Invocations
  2468 | D:3      | Identified a +0 club
  2468 | D:3      | Identified a +0 dagger
  2468 | D:3      | Identified a +0 leather armour
  2468 | D:3      | Identified a +0 whip
  2468 | D:3      | Identified a cursed +0 mace
  2468 | D:3      | Identified a +0 leather armour
  2558 | D:3      | Noticed Natasha
  2567 | D:3      | Killed Natasha
  2744 | D:3      | Noticed Natasha
  2746 | D:3      | Killed Natasha
  2889 | D:4      | Identified 4 scrolls of amnesia
  2897 | D:4      | Identified a +0 dagger
  2897 | D:4      | Identified a +0 robe
  2902 | D:4      | Identified a +0 whip
  2902 | D:4      | Identified a +0 leather armour
  2903 | D:4      | Reached skill level 1 in Armour
  2905 | D:4      | Identified a +0 whip
  2905 | D:4      | Identified a +0 leather armour
  2905 | D:4      | Identified a +0 club
  2905 | D:4      | Identified a +0 leather armour
  2909 | D:4      | Identified a +0 hand axe
  2909 | D:4      | Identified a +0 leather armour
  2915 | D:4      | Identified a +0 club
  2918 | D:4      | Reached *** piety under Lugonu
  2920 | D:4      | Reached XP level 7. HP: 61/67 MP: 8/8
  2927 | D:4      | Reached skill level 3 in Dodging
  2928 | D:4      | Identified a +0 whip
  2931 | D:4      | Identified a +0 halberd
  3075 | D:4      | Found a glowing drain.
  3079 | Sewer    | Entered a sewer
  3147 | Sewer    | Identified a +0 short sword
  3242 | Sewer    | Identified a +0 short sword
  3721 | Sewer    | Reached skill level 2 in Armour
  3721 | Sewer    | Reached skill level 5 in Unarmed Combat
  3745 | Sewer    | Identified a +0 club
  3816 | Sewer    | Identified a +0 dagger
  3887 | Sewer    | Identified a ring of ice (You found it on level 1 of the
                  | Dungeon)
  3888 | Sewer    | Identified a ring of evasion (You found it on level 3 of
                  | the Dungeon)
  3889 | Sewer    | Identified 2 scrolls of remove curse
  3968 | D:4      | Reached XP level 8. HP: 77/78 MP: 9/9
  3990 | D:4      | You fall into a shaft and drop 1 floor!
  3990 | D:5      | Entered Level 5 of the Dungeon
  3998 | D:5      | Identified a +0 shortbow
  4234 | D:4      | Identified a cursed +0 trident
  4234 | D:4      | Identified a +0 dagger
  4234 | D:4      | Identified a +0 robe
  4236 | D:4      | Identified a +0 flail
  4236 | D:4      | Identified a +2 ring mail of fire resistance
  4250 | D:4      | Reached **** piety under Lugonu
  4261 | D:4      | Reached skill level 3 in Throwing
  4346 | D:4      | Identified a ring of intelligence (You found it on level 4
                  | of the Dungeon)
  4432 | D:4      | Reached skill level 3 in Armour
  4561 | D:4      | Identified a +0 troll leather armour {regen} (You found it
                  | on level 3 of the Dungeon)
  4566 | D:4      | Identified a +0 cloak (You found it on level 4 of the
                  | Dungeon)
  4624 | D:5      | Reached skill level 4 in Fighting
  4624 | D:5      | Reached skill level 6 in Unarmed Combat
  4624 | D:5      | Reached skill level 4 in Invocations
  4843 | D:5      | Identified a +0 flail
  4843 | D:5      | Identified a +0 leather armour
  4910 | D:5      | Found a staircase to the Ecumenical Temple.
  4983 | D:5      | Found an iron altar of Okawaru.
  5049 | D:5      | Identified a +0 giant spiked club
  5100 | D:5      | Identified a +0 club
  5100 | D:5      | Identified a +0 ring mail
  5425 | D:6      | Identified a +0 whip
  5425 | D:6      | Identified a +0 halberd
  5487 | D:6      | Identified a +0 hand axe
  5512 | D:6      | Found Siuxkaav's Jewellery Emporium.
  5514 | D:6      | Identified a +0 long sword
  5514 | D:6      | Identified a +0 robe
  5522 | D:6      | Reached XP level 9. HP: 84/84 MP: 11/11
  5525 | D:6      | Identified a cursed +4 dagger of freezing
  5525 | D:6      | Identified a +0 robe
  5533 | D:6      | Identified a +0 falchion
  5533 | D:6      | Identified a +0 robe
  5544 | D:6      | Reached skill level 4 in Dodging
  5548 | D:6      | Reached skill level 4 in Armour
  5549 | D:6      | Identified a cursed +0 halberd
  5549 | D:6      | Identified a cursed +0 robe
  5549 | D:6      | Identified a +5 flail
  5549 | D:6      | Identified a +0 robe
  5594 | D:6      | Identified 3 scrolls of noise
  5595 | D:6      | Identified 3 scrolls of identify
  5595 | D:6      | Identified an amulet of faith (You found it on level 5 of
                  | the Dungeon)
  5676 | D:6      | Got a smoking bronze ring
  5678 | D:6      | Identified the ring of Midnight {+Fly rC++ EV+4 Dex+4} (You
                  | found it on level 6 of the Dungeon)
  5827 | D:6      | Identified a +0 falchion
  5827 | D:6      | Identified a +0 leather armour
  5928 | D:6      | Reached skill level 7 in Unarmed Combat
  5998 | D:6      | Identified a +0 club
  6251 | D:6      | Identified a +0 dagger
  6251 | D:6      | Identified a +0 robe
  6251 | D:6      | Identified a +0 war axe
  6251 | D:6      | Identified a +0 robe
  6260 | D:6      | Reached skill level 4 in Throwing
  6272 | D:6      | Identified a cursed +0 trident
  6272 | D:6      | Identified a +0 robe
  6470 | D:6      | Found a runed translucent door.
  6471 | D:6      | Identified a +2 quarterstaff of chaos
  6471 | D:6      | Identified a +0 cloak
  6471 | D:6      | Noticed Crazy Yiuf
  6478 | D:6      | Killed Crazy Yiuf
  6566 | D:6      | Bought an uncursed amulet of reflection for 330 gold pieces
  6607 | D:7      | Identified a +0 dagger
  6607 | D:7      | Identified a +0 robe
  6609 | D:7      | Identified a +0 chain mail
  6610 | D:7      | Identified a +0 short sword
  6610 | D:7      | Identified a +0 chain mail
  6616 | D:7      | Identified a +0 shortbow
  6747 | D:7      | Found Roxkiz's Food Shop.
  6923 | D:7      | Found a white marble altar of Elyvilon.
  6963 | D:7      | Reached skill level 5 in Invocations
  7058 | D:7      | Identified a ring of protection from cold (You found it on
                  | level 7 of the Dungeon)
  7187 | D:8      | Reached skill level 5 in Fighting
  7187 | D:8      | Reached skill level 8 in Unarmed Combat
  7301 | D:8      | Identified a cursed -2 shortbow
  7461 | D:8      | Identified a +0 flail
  7462 | D:8      | Identified a +0 short sword
  7462 | D:8      | Identified a cursed +0 leather armour
  7463 | D:8      | Identified a +2 dagger of protection
  7463 | D:8      | Identified a +0 robe
  7553 | D:8      | Identified a +1 dagger of chaos
  7553 | D:8      | Identified a +0 robe
  7553 | D:8      | Noticed Psyche
  7564 | D:8      | Killed Psyche
  7564 | D:8      | Reached XP level 10. HP: 96/96 MP: 11/13
  7818 | D:9      | Reached skill level 5 in Dodging
  7877 | D:9      | Reached ***** piety under Lugonu
  7884 | D:9      | Reached skill level 5 in Throwing
  7955 | D:9      | Identified a +0 short sword
  7955 | D:9      | Identified a +0 leather armour
  7959 | D:9      | Identified a +0 club
  7960 | D:9      | Identified a +0 hand axe
  7960 | D:9      | Identified a +0 chain mail
  7962 | D:9      | Identified a +0 dagger
  7963 | D:9      | Identified a cursed -3 club
  7964 | D:9      | Identified a +0 flail
  7988 | D:9      | HP: 19/96 [orc priest/divine providence (13)]
  8002 | D:8      | HP: 19/96 [warg (11)]
  8007 | D:8      | Identified 7 potions of heal wounds
  8072 | D:8      | Identified 2 potions of degeneration
  8114 | D:9      | Identified a +0 whip of pain
  8114 | D:9      | Identified a +0 robe
  8127 | D:9      | Found a staircase to the Lair.
  8283 | D:9      | Found a shadowy altar of Dithmenos.
  8327 | D:9      | Identified a +2 morningstar of flaming
  8327 | D:9      | Identified +0 steam dragon scales
  8327 | D:9      | Noticed Maggie
  8345 | D:9      | Killed Maggie
  8345 | D:9      | Reached skill level 9 in Unarmed Combat
  8485 | D:9      | Identified a +0 giant club
  8533 | D:9      | Identified a +0 short sword
  8583 | D:9      | Identified a +0 dagger
  8583 | D:9      | Identified a +0 robe
  8586 | D:9      | Identified a +0 whip
  8589 | D:9      | Identified a +0 club
  8589 | D:9      | Identified a +0 chain mail
  8845 | D:9      | Identified a +0 whip of flaming
  8845 | D:9      | Identified a +0 robe
  8845 | D:9      | Noticed Pikel
  8850 | D:9      | Killed Pikel
  8850 | D:9      | Reached skill level 6 in Fighting
  8850 | D:9      | Reached skill level 6 in Invocations
  8924 | D:9      | Identified 3 potions of might
  8925 | D:9      | Identified 2 potions of brilliance
  8955 | D:9      | Identified 4 potions of flight
  8958 | Lair:1   | Entered Level 1 of the Lair of Beasts
  9170 | Lair:1   | Reached XP level 11. HP: 104/106 MP: 14/14
  9725 | Lair:1   | Reached skill level 6 in Throwing
  9763 | Lair:1   | Reached skill level 10 in Unarmed Combat
  9776 | Lair:1   | Identified a +0 battleaxe of electrocution
  9776 | Lair:1   | Identified a +0 scale mail
  9776 | Lair:1   | Noticed Harold
  9817 | Lair:1   | Killed Harold
  9817 | Lair:1   | Reached skill level 6 in Dodging
  9870 | D:9      | Reached skill level 7 in Fighting
 10084 | Lair:1   | Identified 3 scrolls of magic mapping
 10085 | Lair:1   | Identified 4 scrolls of enchant armour
 10292 | Lair:1   | Reached skill level 5 in Armour
 10652 | Lair:2   | Reached skill level 7 in Invocations
 10842 | Lair:2   | Found a staircase to the Snake Pit.
 10849 | Lair:2   | Identified a +0 quarterstaff of freezing
 10849 | Lair:2   | Identified a +1 robe of cold resistance
 10849 | Lair:2   | Noticed Fannar
 10873 | Lair:2   | Killed Fannar
 10873 | Lair:2   | Reached XP level 12. HP: 118/119 MP: 16/16
 10997 | Lair:2   | Reached skill level 8 in Fighting
 11000 | Lair:2   | Reached skill level 11 in Unarmed Combat
 11229 | Lair:2   | Identified a +1 hat
 11229 | Lair:2   | Noticed Gastronok
 11310 | Lair:2   | Killed Gastronok
 11310 | Lair:2   | Reached skill level 7 in Throwing
 11756 | Lair:3   | Found a runed translucent gate.
 11757 | Lair:3   | Noticed a death yak
 11764 | Lair:3   | Found a runed translucent gate.
 11809 | Lair:3   | Reached skill level 7 in Dodging
 11876 | Lair:3   | Noticed Snorg
 11894 | Lair:3   | Killed Snorg
 12038 | Lair:3   | Found a runed translucent gate.
 12041 | Lair:3   | Noticed Tobisume's ghost (journeyman DsBe)
 12617 | Lair:3   | Identified 2 potions of stabbing
 12618 | Lair:3   | Identified 2 potions of haste
 12619 | Lair:3   | Identified 2 potions of mutation
 12620 | Lair:3   | Identified 2 potions of magic
 12621 | Lair:3   | Identified 2 potions of cancellation
 12623 | Lair:3   | Identified a potion of invisibility
 12634 | Lair:3   | Identified a cursed +0 robe (You found it on level 1 of the
                  | Lair of Beasts)
 12741 | Lair:4   | Found a staircase to the Swamp.
 12908 | Lair:4   | Identified a +2 dagger of venom
 12908 | Lair:4   | Noticed Sonja
 12926 | Lair:4   | Killed Sonja
 12926 | Lair:4   | Reached skill level 8 in Invocations
 12931 | Lair:4   | Reached skill level 1 in Evocations
 13132 | Lair:4   | Noticed a death yak
 13132 | Lair:4   | Noticed a death yak
 13132 | Lair:4   | Noticed a death yak
 13157 | Lair:4   | Killed a death yak
 13161 | Lair:4   | Killed a death yak
 13161 | Lair:4   | Reached skill level 9 in Fighting
 13167 | Lair:4   | Killed a death yak
 13167 | Lair:4   | Reached XP level 13. HP: 41/131 MP: 18/18
 13343 | Lair:4   | Identified a ring of magical power (You found it on level 4
                  | of the Lair of Beasts)
 13345 | Lair:4   | Identified a ring of strength (You found it on level 2 of
                  | the Lair of Beasts)
 13409 | Lair:5   | Reached ****** piety under Lugonu
 13652 | Lair:5   | Reached skill level 12 in Unarmed Combat
 13785 | Lair:5   | Found a staircase to the Slime Pits.
 13785 | Lair:5   | Found a viscous altar of Jiyva.
 13865 | Lair:5   | Identified Cudireki's Disquisition on Flamy Weightlessness
 14082 | Lair:5   | Identified a potion of lignification
 14083 | Lair:5   | Identified a potion of berserk rage
 14084 | Lair:5   | Identified 2 scrolls of fear
 14085 | Lair:5   | Identified 3 scrolls of fog
 14490 | Lair:6   | Entered Level 6 of the Lair of Beasts
 14523 | Lair:6   | Identified a potion of ambrosia
 14524 | Lair:6   | Identified a potion of resistance
 14844 | Lair:6   | Reached skill level 2 in Evocations
 15097 | Lair:6   | HP: 29/131 [dream sheep (28)]
 15102 | Lair:6   | HP: 24/131 [dream sheep (3)]
 15109 | Lair:6   | HP: 21/131 [dream sheep (22)]
 15114 | Lair:6   | HP: 27/131 [polar bear (2)]
 15119 | Lair:6   | HP: 13/131 [polar bear (8)]
 15129 | Lair:6   | HP: 29/131 [polar bear (15)]
 15263 | Lair:6   | Reached skill level 8 in Throwing
 15263 | Lair:6   | Reached skill level 9 in Invocations
 15675 | Lair:6   | Reached skill level 10 in Fighting
 15969 | Lair:6   | Reached skill level 8 in Dodging
 15969 | Lair:6   | Reached skill level 3 in Evocations
 15971 | Lair:6   | Reached XP level 14. HP: 143/143 MP: 20/20
 16569 | Lair:6   | Identified a scroll of summoning
 16597 | Lair:6   | Identified an amulet of regeneration (You found it on level
                  | 5 of the Lair of Beasts)
 16755 | D:10     | Entered Level 10 of the Dungeon
 16770 | D:10     | Identified a +0 shortbow
 16777 | D:10     | Identified a +0 dagger
 16787 | D:10     | Identified a +0 whip
 16788 | D:10     | Identified a +0 dagger
 16789 | D:10     | Identified a +0 short sword
 16793 | D:10     | Identified a +0 dagger
 16858 | D:10     | Identified a +0 short sword
 16858 | D:10     | Identified a cursed +0 club
 16858 | D:10     | Identified a +3 short sword
 16859 | D:10     | Identified a +0 short sword
 16861 | D:10     | Identified a +0 dagger of draining
 16863 | D:10     | Identified a +0 dagger
 16864 | D:10     | Identified a +0 dagger
 16902 | D:10     | Identified a +0 war axe
 16922 | D:10     | Identified a ring of protection from fire (You found it on
                  | level 10 of the Dungeon)
 16940 | D:10     | Identified a cursed +0 dagger
 16940 | D:10     | Identified a cursed +0 robe
 16940 | D:10     | Identified a +0 dagger
 16940 | D:10     | Identified a +0 robe
 16972 | D:10     | Identified a +0 shortbow
 17089 | D:10     | Identified a +2 dagger of venom
 17089 | D:10     | Identified a +0 robe
 17089 | D:10     | Noticed Nergalle
 17107 | D:10     | Identified a +0 dire flail
 17107 | D:10     | Identified a +0 chain mail
 17107 | D:10     | Identified a +0 flail
 17107 | D:10     | Identified a +0 plate armour
 17109 | D:10     | Identified a +0 hand axe
 17109 | D:10     | Identified a cursed +0 chain mail
 17115 | D:10     | Killed Nergalle
 17183 | D:10     | Identified a +0 mace
 17183 | D:10     | Identified a +0 leather armour
 17184 | D:10     | Identified a +0 scale mail
 17184 | D:10     | Identified a +0 dagger
 17184 | D:10     | Identified a +0 robe
 17187 | D:10     | Identified a +0 war axe
 17201 | D:10     | Identified +0 steam dragon scales
 17248 | D:10     | Identified a +0 chain mail
 17248 | D:10     | Identified a +0 dagger
 17248 | D:10     | Identified a +0 leather armour
 17248 | D:10     | Identified a +0 flail
 17248 | D:10     | Identified a +0 whip
 17248 | D:10     | Identified a +0 robe
 17659 | D:11     | Identified a +0 dire flail
 17659 | D:11     | Identified a +0 plate armour
 17659 | D:11     | Identified a +0 mace
 17659 | D:11     | Identified a +0 leather armour
 17659 | D:11     | Identified a +0 hand axe
 17661 | D:11     | Identified a +0 dagger
 17688 | D:11     | Identified a +0 giant club
 17688 | D:11     | Identified a +0 giant club
 17691 | D:11     | Identified a +0 giant club
 17697 | D:11     | Reached skill level 13 in Unarmed Combat
 17704 | D:11     | Identified +0 steam dragon scales
 17859 | D:11     | Identified a cursed +3 halberd
 17859 | D:11     | Identified a +0 robe
 17860 | D:11     | Identified a +4 scimitar
 17860 | D:11     | Identified a +0 robe
 17875 | D:11     | Identified a +3 dagger
 17875 | D:11     | Identified a +0 robe
 17875 | D:11     | Identified a cursed +3 great sword
 17875 | D:11     | Identified a +0 robe
 17877 | D:11     | Identified a cursed -3 scimitar
 17877 | D:11     | Identified a +0 robe
 17980 | D:11     | Identified a +0 scimitar of flaming
 18066 | D:11     | Identified a +0 dire flail
 18066 | D:11     | Identified a +0 chain mail
 18066 | D:11     | Identified a +0 mace
 18066 | D:11     | Identified a +0 scale mail
 18066 | D:11     | Identified a cursed -2 mace
 18225 | D:11     | Found a roughly hewn altar of Beogh.
 18225 | D:11     | Identified a +0 hand axe
 18225 | D:11     | Identified a +0 leather armour
 18225 | D:11     | Identified a +0 hand axe
 18225 | D:11     | Identified a cursed +0 mace
 18225 | D:11     | Identified a +0 dagger
 18225 | D:11     | Identified a +0 leather armour
 18225 | D:11     | Identified a +0 dagger
 18225 | D:11     | Identified a +0 ring mail
 18225 | D:11     | Identified a cursed +0 ring mail
 18225 | D:11     | Identified a +5 trident
 18225 | D:11     | Identified a +0 dagger
 18225 | D:11     | Identified a +0 club
 18225 | D:11     | Identified a +0 leather armour
 18225 | D:11     | Identified a +0 whip
 18225 | D:11     | Identified a +0 leather armour
 18225 | D:11     | Identified a +0 flail
 18225 | D:11     | Identified a +0 club
 18225 | D:11     | Identified a +0 hand axe
 18225 | D:11     | Identified a +0 plate armour
 18226 | D:11     | Identified a +3 dagger of holy wrath
 18232 | D:11     | Identified a +0 giant club
 18232 | D:11     | Identified a +0 hand axe
 18232 | D:11     | Identified a +0 ring mail
 18232 | D:11     | Identified a +0 falchion
 18482 | D:11     | Found a staircase to the Orcish Mines.
 18647 | Orc:1    | Entered Level 1 of the Orcish Mines
 18720 | Orc:1    | Identified a +0 hand axe
 18723 | Orc:1    | Identified a +0 spear
 18724 | Orc:1    | Identified a +1 spear of venom
 18727 | Orc:1    | Identified a +1 spear of flaming
 18727 | Orc:1    | Identified a +0 spear
 18730 | Orc:1    | Identified a +0 spear
 18730 | Orc:1    | Identified a +0 ring mail
 18730 | Orc:1    | Identified a +0 kite shield
 18731 | Orc:1    | Identified a +0 club
 18735 | Orc:1    | Identified a +0 ring mail
 18736 | Orc:1    | Identified a +2 short sword of holy wrath
 18736 | Orc:1    | Identified a +0 plate armour
 18796 | Orc:1    | Identified a +0 short sword
 18796 | Orc:1    | Identified a +0 ring mail
 18800 | Orc:1    | Identified a +0 dagger
 18800 | Orc:1    | Identified a +0 robe
 18800 | Orc:1    | Identified a cursed -1 dagger
 18800 | Orc:1    | Identified a +0 cloak
 18800 | Orc:1    | Noticed Maurice
 18805 | Orc:1    | Identified a +0 giant spiked club
 18818 | Orc:1    | Killed Maurice
 18818 | Orc:1    | Identified a +0 hand axe
 18818 | Orc:1    | Identified a +0 chain mail
 18821 | Orc:1    | Identified a +0 dagger
 18821 | Orc:1    | Identified a +0 robe
 18821 | Orc:1    | Identified a +0 halberd
 18821 | Orc:1    | Identified a +0 chain mail
 18823 | Orc:1    | Identified a +0 hand axe
 18823 | Orc:1    | Identified a +0 club
 18823 | Orc:1    | Identified a cursed +0 leather armour
 18827 | Orc:1    | Identified a +0 club
 18827 | Orc:1    | Identified a +0 leather armour
 18914 | Orc:1    | Identified a +0 club
 18967 | Orc:1    | Identified a +0 dagger
 18967 | Orc:1    | Identified a +1 robe of fire resistance
 18969 | Orc:1    | Identified a +3 great mace of holy wrath
 18969 | Orc:1    | Identified a +4 plate armour
 18969 | Orc:1    | Identified a +1 scimitar of freezing
 19053 | Orc:1    | Reached skill level 10 in Invocations
 19060 | Orc:1    | Identified a +0 dire flail
 19060 | Orc:1    | Identified a +0 plate armour
 19181 | Orc:1    | Identified a +0 mace
 19181 | Orc:1    | Identified a +0 chain mail
 19230 | Orc:1    | Identified a +0 falchion of freezing
 19230 | Orc:1    | Identified a +0 chain mail
 19402 | Orc:1    | Identified a cursed +0 dagger
 19402 | Orc:1    | Identified a +0 robe
 19402 | Orc:1    | Identified a +0 dagger
 19402 | Orc:1    | Identified a +0 robe
 19407 | Orc:1    | Identified a +0 flail
 19407 | Orc:1    | Identified a +0 plate armour
 19410 | Orc:1    | Identified a +0 dagger
 19410 | Orc:1    | Identified a +0 robe
 19485 | Orc:1    | Identified a +0 giant spiked club
 19760 | Orc:2    | Entered Level 2 of the Orcish Mines
 19760 | Orc:2    | Identified a +0 war axe
 19760 | Orc:2    | Identified a cursed +0 plate armour
 19760 | Orc:2    | Identified a +0 dagger
 19760 | Orc:2    | Identified a +0 ring mail
 19760 | Orc:2    | Identified a +0 dagger
 19760 | Orc:2    | Identified a cursed -3 dagger
 19760 | Orc:2    | Identified a +0 scale mail
 19760 | Orc:2    | Identified a +0 trident
 19760 | Orc:2    | Identified a +0 chain mail
 19762 | Orc:2    | Identified a +0 troll leather armour
 19762 | Orc:2    | Identified a +0 short sword
 19762 | Orc:2    | Identified a +0 leather armour
 19763 | Orc:2    | Identified a +0 war axe
 19766 | Orc:2    | Identified a +0 dagger
 19766 | Orc:2    | Identified a +0 robe
 19769 | Orc:2    | Identified a +0 mace
 19775 | Orc:2    | Identified a +0 dagger
 19775 | Orc:2    | Identified a +0 leather armour
 19798 | Orc:2    | Identified a +0 dagger
 19798 | Orc:2    | Identified a +0 robe
 19800 | Orc:2    | Identified a +0 hand axe
 19800 | Orc:2    | Identified a +0 scale mail
 19810 | Orc:2    | Identified a +0 long sword
 19810 | Orc:2    | Identified a +0 ring mail
 19814 | Orc:2    | Identified a +0 dagger
 19814 | Orc:2    | Identified a +2 robe of fire resistance
 19816 | Orc:2    | Identified a +0 club
 19824 | Orc:2    | Identified a +0 whip
 19834 | Orc:2    | Identified a +0 hand axe
 19834 | Orc:2    | Identified a +0 scale mail
 19842 | Orc:2    | Identified a +0 hand axe
 19881 | Orc:2    | Found Naoru's Antique Weapon Shop.
 19883 | Orc:2    | Identified a +0 falchion
 19883 | Orc:2    | Identified a +0 leather armour
 19886 | Orc:2    | Identified a +0 morningstar
 19886 | Orc:2    | Identified a cursed -2 ring mail
 19886 | Orc:2    | Identified a +0 whip
 19907 | Orc:2    | Identified a +0 hand axe
 19907 | Orc:2    | Identified a +0 plate armour
 19917 | Orc:2    | Found a roughly hewn altar of Beogh.
 19923 | Orc:2    | Identified a +0 dire flail
 19923 | Orc:2    | Identified a +0 plate armour
 19923 | Orc:2    | Identified a +0 dagger
 19923 | Orc:2    | Identified a +0 robe
 19924 | Orc:2    | Identified a +0 flail
 19924 | Orc:2    | Identified a +0 ring mail
 19928 | Orc:2    | Identified a +0 dagger
 19928 | Orc:2    | Identified a +0 robe
 19929 | Orc:2    | Identified a +0 dagger
 19929 | Orc:2    | Identified a +0 leather armour
 19934 | Orc:2    | Identified a +0 dagger
 19934 | Orc:2    | Identified a +0 leather armour of cold resistance
 19935 | Orc:2    | Identified a +0 flail
 19935 | Orc:2    | Identified a +0 chain mail
 19937 | Orc:2    | Identified a +0 dagger
 19937 | Orc:2    | Identified a cursed -3 flail
 19940 | Orc:2    | Identified a +0 dire flail
 19940 | Orc:2    | Identified a +0 chain mail
 19950 | Orc:2    | Identified a +0 hand axe
 19954 | Orc:2    | Identified a +0 mace
 19956 | Orc:2    | Identified a +0 hand axe
 19958 | Orc:2    | Identified a +0 flail
 19959 | Orc:2    | Identified a +0 war axe
 19960 | Orc:2    | Identified a +0 trident
 19984 | Orc:2    | Identified a +0 dagger
 20036 | Orc:2    | Identified a +2 flail of draining
 20040 | Orc:2    | Identified a +0 whip
 20040 | Orc:2    | Identified a +0 leather armour
 20041 | Orc:2    | Identified a +0 spear
 20057 | Orc:2    | Identified a +0 flail
 20064 | Orc:2    | Identified a +0 flail
 20090 | Orc:2    | Identified a +0 club
 20093 | Orc:2    | Identified a +0 dagger
 20093 | Orc:2    | Identified a +0 robe
 20111 | Orc:2    | Identified a +0 short sword
 20112 | Orc:2    | Identified a +0 club
 20112 | Orc:2    | Identified a +0 scale mail
 20113 | Orc:2    | Identified a +0 dagger
 20113 | Orc:2    | Identified a +0 robe
 20114 | Orc:2    | Identified a +0 war axe
 20114 | Orc:2    | Identified a +3 plate armour
 20116 | Orc:2    | Identified a +0 club
 20116 | Orc:2    | Identified a +0 ring mail
 20116 | Orc:2    | Identified a +0 hand axe
 20116 | Orc:2    | Identified a +0 ring mail
 20119 | Orc:2    | Identified a +0 war axe
 20119 | Orc:2    | Identified a +0 plate armour
 20126 | Orc:2    | Identified a +0 dagger
 20126 | Orc:2    | Identified a +0 robe
 20158 | Orc:2    | Identified a cursed +0 dagger
 20158 | Orc:2    | Identified a +0 robe
 20162 | Orc:2    | Identified a +0 dagger
 20164 | Orc:2    | Identified a +0 leather armour
 20176 | Orc:2    | Identified a +0 dagger
 20176 | Orc:2    | Identified a +0 dire flail
 20176 | Orc:2    | Identified a +0 plate armour
 20176 | Orc:2    | Identified a +0 dagger
 20176 | Orc:2    | Identified a +0 robe
 20177 | Orc:2    | Identified a +0 battleaxe
 20177 | Orc:2    | Identified a +0 plate armour
 20177 | Orc:2    | Noticed Saint Roka
 20178 | Orc:2    | Identified a +0 dagger
 20178 | Orc:2    | Identified a +2 robe
 20226 | Orc:2    | Identified a +0 giant club
 20249 | Orc:2    | Identified a +0 short sword
 20249 | Orc:2    | Identified a +0 leather armour
 20251 | Orc:2    | Identified a +0 hand axe
 20253 | Orc:2    | Identified a +0 mace
 20253 | Orc:2    | Identified a +0 leather armour
 20268 | Orc:2    | HP: 19/144 [Saint Roka/+0 battleaxe (26)]
 20270 | Orc:2    | Killed Saint Roka
 20271 | Orc:2    | Identified a +0 long sword of electrocution
 20271 | Orc:2    | Identified a +0 arbalest
 20271 | Orc:2    | Identified a +0 chain mail
 20376 | Orc:2    | Identified a +0 morningstar
 20376 | Orc:2    | Identified a +0 flail
 20376 | Orc:2    | Identified a +0 scale mail
 20378 | Orc:2    | Identified a +0 war axe
 20378 | Orc:2    | Identified a +0 plate armour
 20379 | Orc:2    | Identified a cursed -2 club
 20396 | Orc:2    | Identified a +0 mace
 20412 | Orc:2    | Identified a +0 dagger
 20412 | Orc:2    | Identified a +0 robe
 20475 | Orc:2    | Identified a +0 dagger
 20475 | Orc:2    | Identified a +0 robe
 20477 | Orc:2    | Identified a +0 dire flail
 20477 | Orc:2    | Identified a +0 plate armour
 20477 | Orc:2    | Identified a +0 glaive
 20477 | Orc:2    | Identified a +0 chain mail
 20490 | Orc:2    | Found Senihaz's Antique Armour Shop.
 20491 | Orc:2    | Found a roughly hewn altar of Beogh.
 20494 | Orc:2    | Found Aruvu's Antique Weapon Boutique.
 20601 | Orc:2    | Identified a cursed -3 hand axe
 20625 | Orc:2    | Found a roughly hewn altar of Beogh.
 20633 | Orc:2    | Identified a +0 trident
 20633 | Orc:2    | Identified a +0 scale mail
 20633 | Orc:2    | Identified a +0 halberd
 20633 | Orc:2    | Identified a +0 chain mail
 20638 | Orc:2    | Identified a +0 flail
 20642 | Orc:2    | Identified a +0 glaive
 20642 | Orc:2    | Identified a +0 plate armour
 20655 | Orc:2    | Identified a +1 flail of holy wrath
 20656 | Orc:2    | Identified a +0 short sword
 20656 | Orc:2    | Identified a +0 ring mail
 20661 | Orc:2    | Identified a +0 war axe
 20671 | Orc:2    | Identified a +0 club
 20671 | Orc:2    | Identified a +0 leather armour
 20703 | Orc:2    | Identified a cursed +0 short sword
 20703 | Orc:2    | Identified a +0 chain mail of poison resistance
 20706 | Orc:2    | Identified a +0 dagger
 20706 | Orc:2    | Identified a +0 robe
 20713 | Orc:2    | Found a roughly hewn altar of Beogh.
 20717 | Orc:2    | Found Kiucemp's Gadget Shop.
 20741 | Orc:2    | Found a roughly hewn altar of Beogh.
 20775 | Orc:2    | Identified a +0 giant club
 20778 | Orc:2    | Reached skill level 4 in Evocations
 20801 | Orc:2    | Identified a +0 whip
 20807 | Orc:2    | Found a staircase to the Elven Halls.
 20808 | Orc:2    | Identified a cursed -1 dagger
 20808 | Orc:2    | Identified a +0 robe
 20808 | Orc:2    | Identified a +0 war axe
 20808 | Orc:2    | Identified a +0 hand axe
 20808 | Orc:2    | Identified a +0 chain mail
 20810 | Orc:2    | Identified a +0 scale mail
 20810 | Orc:2    | Identified a +0 leather armour
 20812 | Orc:2    | Identified a +0 dire flail
 20812 | Orc:2    | Identified a +0 dire flail
 20814 | Orc:2    | Identified a +0 dagger
 20814 | Orc:2    | Identified a cursed +0 robe
 20814 | Orc:2    | Identified a +0 chain mail
 20830 | Orc:2    | Identified a +0 troll leather armour
 20852 | Orc:2    | Identified a +0 whip
 20855 | Orc:2    | Identified a +0 dagger
 20858 | Orc:2    | Identified a +0 dagger
 20858 | Orc:2    | Identified a +0 robe
 20859 | Orc:2    | Found a roughly hewn altar of Beogh.
 20859 | Orc:2    | Identified a +0 scimitar
 20859 | Orc:2    | Identified a +0 chain mail
 20923 | Orc:2    | Found a roughly hewn altar of Beogh.
 21032 | Orc:2    | Identified a +2 antimagic dagger
 21032 | Orc:2    | Identified a +0 robe
 21079 | Orc:2    | Found Exkelosy's Distillery.
 21087 | Orc:2    | Bought a potion of heal wounds for 70 gold pieces
 21087 | Orc:2    | Bought a potion of heal wounds for 70 gold pieces
 21112 | Orc:2    | Found a roughly hewn altar of Beogh.
 21268 | Orc:1    | Identified a +0 giant club
 21268 | Orc:1    | Identified a +0 dagger
 21268 | Orc:1    | Identified a +0 robe
 21268 | Orc:1    | Identified a +0 glaive
 21268 | Orc:1    | Identified a +0 plate armour
 21268 | Orc:1    | Identified a +0 whip
 21268 | Orc:1    | Identified a +0 short sword
 21519 | D:12     | Identified 2 scrolls of enchant weapon
 21670 | D:12     | Identified a cursed +0 hand axe
 21670 | D:12     | Identified a +3 ring mail of poison resistance
 21670 | D:12     | Noticed Frances
 21671 | D:12     | Identified a +0 short sword
 21696 | D:12     | Identified a +0 flail
 21935 | D:12     | Identified a cursed +0 flail
 21935 | D:12     | Identified a +0 ring mail
 21960 | D:12     | Got a brightly glowing robe
 21971 | D:12     | Identified the +1 robe of Guipop {rF+} (You found it on
                  | level 12 of the Dungeon)
 21979 | D:12     | Identified a +0 giant spiked club
 21979 | D:12     | Identified a cursed -3 giant club
 22069 | D:12     | Reached skill level 9 in Throwing
 22069 | D:12     | Reached XP level 15. HP: 97/152 MP: 21/21
 22132 | D:12     | Identified a cursed -2 giant spiked club
 22132 | D:12     | Identified a +0 giant club
 22206 | D:12     | Identified a +0 war axe
 22206 | D:12     | Identified a +0 plate armour
 22207 | D:12     | Identified a +0 trident
 22210 | D:12     | Identified a +0 club
 22314 | D:12     | Identified a +0 shortbow
 22333 | D:12     | Killed Frances
 22490 | D:12     | Identified a scroll of holy word
 22492 | D:12     | Identified an amulet of guardian spirit (You found it on
                  | level 1 of the Lair of Beasts)
 22849 | D:13     | Identified a +0 dagger
 22849 | D:13     | Identified a +0 robe
 22855 | D:13     | Reached skill level 6 in Armour
 22855 | D:13     | Identified a +0 mace
 22855 | D:13     | Identified a +0 chain mail
 22856 | D:13     | Identified a +0 club
 22861 | D:13     | Identified 2 scrolls of vulnerability
 22862 | D:13     | Identified 2 scrolls of blinking
 22959 | D:13     | Identified a +0 giant club
 22959 | D:13     | Identified a cursed -3 giant club
 22963 | D:13     | Reached skill level 11 in Fighting
 22971 | D:13     | Identified a +0 mace
 23090 | D:13     | Found a sacrificial altar of Ru.
 23103 | D:13     | Identified a cursed +0 giant club
 23103 | D:13     | Identified a +0 giant club
 23103 | D:13     | Identified a +0 giant club
 23129 | D:13     | Found a gate leading to a gauntlet.
 23137 | D:13     | Identified a +0 buckler
 23143 | Gauntlet | Entered a Gauntlet
 23143 | Gauntlet | Found a transporter.
 23155 | Gauntlet | Found a transporter.
 23155 | Gauntlet | Found a transporter.
 23157 | Gauntlet | Found a transporter.
 23279 | Gauntlet | Found a transporter.
 23291 | Gauntlet | Found a transporter.
 23299 | Gauntlet | Found a transporter.
 23314 | Gauntlet | Found a transporter.
 23333 | Gauntlet | Found a transporter.
 23344 | Gauntlet | Identified a +3 scimitar of flaming
 23345 | Gauntlet | Found a transporter.
 23369 | Gauntlet | Found a transporter.
 23372 | Gauntlet | Identified a cursed +0 flail
 23376 | Gauntlet | Found a transporter.
 23386 | Gauntlet | Identified a +0 morningstar
 23395 | Gauntlet | Found a transporter.
 23395 | Gauntlet | Identified a +0 vampiric dagger
 23395 | Gauntlet | Identified a +0 robe
 23407 | Gauntlet | Found a transporter.
 23424 | Gauntlet | Found a transporter.
 23441 | Gauntlet | Found a transporter.
 23443 | Gauntlet | Found a transporter.
 23445 | Gauntlet | Identified a +0 morningstar
 23471 | Gauntlet | Found a transporter.
 23549 | Gauntlet | Identified a cursed -3 mace
 23865 | Gauntlet | Identified +1 ice dragon scales (You found it on level 6 of
                  | the Lair of Beasts)
 24034 | Gauntlet | Got a masterwork cloak
 24045 | Gauntlet | Identified the cursed -4 cloak of Noughts and Crosses
                  | {rPois Regen+ MP+9 Dex-3} (You found it in a Gauntlet)
 24194 | Gauntlet | Identified the +5 short sword of Quick Death {distort,
                  | rPois rF+ Str+3}
 24194 | Gauntlet | Identified a +0 chain mail
 24239 | Gauntlet | Identified a +2 robe of positive energy (You found it in a
                  | Gauntlet)
 24324 | D:13     | Got a slimy robe
 24335 | D:13     | Identified the +1 robe of Niacun {-Tele *Contam rElec
                  | Dex+6} (You found it on level 13 of the Dungeon)
 24674 | D:13     | Identified a +0 dagger
 24674 | D:13     | Identified a +0 robe of cold resistance
 24674 | D:13     | Identified a +0 dire flail
 24674 | D:13     | Identified a +0 dire flail
 24683 | D:13     | Reached skill level 14 in Unarmed Combat
 24683 | D:13     | Reached skill level 11 in Invocations
 24742 | D:13     | Found a gate to the Vaults.
 25004 | D:13     | Found a shimmering altar of Xom.
 25115 | D:14     | Identified a +1 long sword
 25115 | D:14     | Identified a +0 robe
 25116 | D:14     | Identified a +3 scimitar
 25116 | D:14     | Identified a +0 robe
 25123 | D:14     | Identified a +0 battleaxe
 25123 | D:14     | Identified a +0 robe
 25128 | D:14     | Identified a +2 vorpal long sword
 25128 | D:14     | Identified a +0 robe
 25128 | D:14     | Identified a +4 dire flail
 25128 | D:14     | Identified a +0 robe
 25173 | D:14     | Identified a +0 giant club
 25175 | D:14     | Identified a +0 shortbow
 25297 | D:14     | Identified a +0 shortbow
 25298 | D:14     | Identified a +0 shortbow
 25300 | D:14     | Identified a +0 shortbow
 25302 | D:14     | Identified a +0 shortbow
 25304 | D:14     | Identified a +0 shortbow
 25350 | D:14     | Identified a scroll of torment
 25433 | D:14     | Identified a +0 rapier
 25485 | D:14     | Identified a ring of flight (You found it on level 14 of
                  | the Dungeon)
 26060 | D:15     | Entered Level 15 of the Dungeon
 26178 | D:15     | Identified a +0 shortbow
 26308 | D:15     | Reached skill level 9 in Dodging
 26586 | D:15     | Identified a scarf of invisibility (You found it on level
                  | 15 of the Dungeon)
 26603 | D:15     | Gained mutation: You tend to lose your temper in combat.
                  | [potion of mutation]
 26603 | D:15     | Gained mutation: You are agile. (Dex +2) [potion of
                  | mutation]
 26603 | D:15     | Gained mutation: You are weak. (Str -2) [potion of
                  | mutation]
 26603 | D:15     | Lost mutation: You tend to lose your temper in combat.
                  | [potion of mutation]
 26788 | D:9      | Lost mutation: You are agile. (Dex +2) [potion of mutation]
 26788 | D:9      | Lost mutation: You are weak. (Str -2) [potion of mutation]
 26788 | D:9      | Gained mutation: You occasionally shout uncontrollably at
                  | your foes. [potion of mutation]
 26788 | D:9      | Gained mutation: You tend to lose your temper in combat.
                  | [potion of mutation]
 26788 | D:9      | Gained mutation: Scrolls take you a little longer to read.
                  | [potion of mutation]
 26788 | D:9      | Gained mutation: You have large cloven feet. [potion of
                  | mutation]
 26789 | D:9      | Lost mutation: You tend to lose your temper in combat.
                  | [potion of mutation]
 26789 | D:9      | Lost mutation: You have large cloven feet. [potion of
                  | mutation]
 26789 | D:9      | Lost mutation: You occasionally shout uncontrollably at
                  | your foes. [potion of mutation]
 26789 | D:9      | Lost mutation: Scrolls take you a little longer to read.
                  | [potion of mutation]
 26789 | D:9      | Gained mutation: Your muscles are strong. (Str +2) [potion
                  | of mutation]
 26789 | D:9      | Gained mutation: Your spells are a little harder to cast,
                  | but a little more powerful. [potion of mutation]
 26891 | D:15     | Identified a +0 broad axe
 26891 | D:15     | Identified a +0 plate armour
 26891 | D:15     | Identified a +0 battleaxe
 26891 | D:15     | Identified a +0 plate armour
 26891 | D:15     | Identified a +0 mace
 26891 | D:15     | Identified a +0 leather armour
 26891 | D:15     | Identified a +0 long sword
 26891 | D:15     | Identified a +0 plate armour
 26891 | D:15     | Identified a +0 ring mail
 26972 | D:15     | Found a shattered altar of Ashenzari.
 27084 | D:15     | Identified +0 fire dragon scales
 27131 | D:15     | Found a staircase to the Depths.
 27391 | D:15     | Identified a cursed +0 robe (You found it on level 15 of
                  | the Dungeon)
 27601 | Snake:1  | Entered Level 1 of the Snake Pit
 27620 | Snake:1  | Identified a +2 dagger of venom
 27620 | Snake:1  | Identified a +1 robe of positive energy
 28093 | Snake:1  | Identified a +0 battleaxe
 28093 | Snake:1  | Identified a +0 robe
 28125 | Snake:1  | Identified a +0 dagger of venom
 28125 | Snake:1  | Identified a +0 robe
 28165 | Snake:1  | HP: 38/154 [poisoned by a black mamba]
 28170 | Snake:1  | HP: 38/154 [poisoned by a black mamba]
 28318 | Snake:1  | Identified a +4 shortbow of flaming
 28377 | Snake:1  | Found Vechut's Gadget Emporium.
 28377 | Snake:1  | Found Qudufiesk's Jewellery Boutique.
 28378 | Snake:1  | Found Veokif's Jewellery Boutique.
 28391 | Snake:1  | Bought the ring of Cyhap Poa {rF+++ rC+ Str-4 Int-2 Slay+5}
                  | for 829 gold pieces
 28525 | Snake:1  | Reached skill level 5 in Evocations
 28687 | Snake:2  | Identified a +0 halberd
 28697 | Snake:2  | Identified a +0 vorpal flail
 28702 | Snake:2  | Identified a +0 robe
 28735 | Snake:2  | Identified a +2 dagger of venom
 28735 | Snake:2  | Identified a +0 robe
 28740 | Snake:2  | Reached XP level 16. HP: 90/163 MP: 23/23
 28743 | Snake:2  | HP: 24/163 [shock serpent/bolt of electricity (18)]
 28747 | Snake:2  | HP: 11/163 [shock serpent/bolt of electricity (23)]
 28747 | Snake:2  | Killed from afar by a shock serpent

Table legend:
 A = Turns spent in this place as a percentage of turns spent in the entire game.
 B = Non-inter-level travel turns spent in this place as a percentage of non-inter-level travel turns spent in the entire game.
 C = Inter-level travel turns spent in this place as a percentage of turns spent in this place.
 D = Turns resting spent in this place as a percentage of non-inter-level travel turns spent in this place.
 E = Turns spent auto-exploring this place as a percentage of non-inter-level travel turns spent in this place.
 F = Non-inter-level travel turns spent in this place divided by the number of levels of this place that you've seen.
                   A       B       C       D       E      F
               +-------+-------+-------+-------+-------+----------------------
         Total | 100.0 | 100.0 |  10.0 |  10.3 |  63.1 | 924.4
       Dungeon |  54.4 |  53.8 |  11.0 |   9.9 |  66.4 | 928.3
          Lair |  26.5 |  26.2 |  11.0 |  10.2 |  66.1 | 1131.0
     Snake Pit |   2.7 |   2.9 |   2.8 |  26.7 |  53.0 | 380.5
  Orcish Mines |   9.4 |   9.3 |  10.6 |   8.1 |  55.9 | 1204.0
         Abyss |   0.2 |   0.2 |   0.0 |   0.0 |   0.0 |  59.0
         Sewer |   2.9 |   3.2 |   0.0 |   0.0 |  67.7 | 837.0
      Gauntlet |   3.9 |   4.3 |   0.0 |  17.5 |  26.6 | 1107.0
               +-------+-------+-------+-------+-------+----------------------

Table legend:
 A = Kills in this place as a percentage of kills in entire the game.
 B = Kills by you in this place as a percentage of kills by you in the entire game.
 C = Kills by friends in this place as a percentage of kills by friends in the entire game.
 D = Other kills in this place as a percentage of other kills in the entire game.
 E = Experience gained in this place as a percentage of experience gained in the entire game.
 F = Experience gained in this place divided by the number of levels of this place that you have seen.
                   A       B       C       D       E      F
               +-------+-------+-------+-------+-------+----------------------
         Total | 100.0 | 100.0 | 100.0 |   N/A | 100.0 | 5481.6
       Dungeon |  55.7 |  56.0 |   0.0 |   N/A |  38.8 | 3972.9
          Lair |  19.2 |  19.3 |   0.0 |   N/A |  35.1 | 8982.5
     Snake Pit |   2.5 |   2.5 |   0.0 |   N/A |   7.9 | 6084.0
  Orcish Mines |  18.3 |  17.9 | 100.0 |   N/A |  13.9 | 10633.5
         Sewer |   3.2 |   3.2 |   0.0 |   N/A |   0.4 | 601.0
      Gauntlet |   1.1 |   1.1 |   0.0 |   N/A |   3.9 | 5960.0
               +-------+-------+-------+-------+-------+----------------------

Skill      XL: |  1  2  3  4  5  6  7  8  9 10 11 12 13 14 15 |
---------------+----------------------------------------------+-----
Dodging        | 2 3 4 5 6 7 8 9 |  9.1
Invocations    | 2 3 4 5 6 7 8 9 10 11 | 11.5
Throwing       | 1 2 3 4 5 6 7 8 9 |  9.5
Unarmed Combat | 3 4 5 6 8 9 10 11 12 13 14 | 14.8
Fighting       | 3 4 5 6 7 9 10 11 | 11.6
Armour         | 1 2 3 4 5 6 |  6.6
Evocations     | 1 3 4 5 |  5.0

Action                   |  1- 3 |  4- 6 |  7- 9 | 10-12 | 13-15 | 16-18 || total
-------------------------+-------+-------+-------+-------+-------+-------++-------
Melee: Unarmed           |    95 |   146 |   394 |   553 |  1175 |     4 ||  2367
       Punch             |       |     2 |    10 |    41 |   121 |     1 ||   175
Throw: Stone             |    64 |    65 |   342 |   262 |   121 |       ||   854
       Dart              |       |       |     1 |    32 |    11 |       ||    44
       Boomerang         |       |       |       |       |   573 |       ||   573
       Large rock        |       |       |       |       |    12 |       ||    12
Invok: Depart the Abyss  |     1 |       |       |       |       |       ||     1
       Bend Space        |       |       |       |     1 |       |       ||     1
       Banish            |       |       |       |       |     2 |       ||     2
Evoke: Wand              |       |       |       |     1 |    36 |     1 ||    38
       Lightning rod     |       |       |       |       |     9 |       ||     9
       Phial of floods   |       |       |       |       |     1 |       ||     1
       Box of beasts     |       |       |       |       |     1 |       ||     1
  Use: Scroll            |       |     1 |     3 |    16 |    22 |       ||    42
       Potion            |       |       |       |     3 |     9 |     2 ||    14
 Stab: Distracted        |       |       |       |       |     1 |       ||     1
       Paralysed         |       |       |       |       |     5 |       ||     5
  Eat: Chunk             |    16 |    16 |    47 |    50 |   131 |       ||   260
       Ration            |       |       |       |       |     2 |       ||     2
Armor: Robe              |    33 |    41 |    30 |       |     1 |       ||   105
       Troll leather arm |       |       |    62 |   109 |   320 |     3 ||   494
       Skin              |       |       |       |       |    30 |       ||    30
       Ice dragon scales |       |       |       |       |     2 |       ||     2
Dodge: Dodged            |    42 |    57 |   167 |   383 |   872 |     1 ||  1522
Block: Other             |       |       |    15 |   121 |   270 |       ||   406
       Reflection        |       |       |       |     2 |    25 |       ||    27

Vanquished Creatures
  Saint Roka (Orc:2)
  Gastronok (Lair:2)
  Frances (D:12)
  A minotaur (Gauntlet)
  2 ettins
  Snorg (Lair:3)
  2 fire dragons (D:15)
  Harold (Lair:1)
  4 hydras
  Fannar (Lair:2)
  5 catoblepae
  2 anacondas (Snake:1)
  7 death yaks
  5 two-headed ogres
  3 centaur warriors
  2 orc high priests
  Sonja (Lair:4)
  Nergalle (D:10)
  3 shock serpents
  3 unseen horrors
  4 orc knights
  2 naga ritualists (Snake:1)
  Pikel (D:9)
  A wizard (D:13)
  3 mana vipers (Snake:1)
  4 ugly things
  A deep elf mage (D:14)
  4 orc sorcerers
  2 cyclopes
  3 manticores
  A salamander (Snake:1)
  4 elephants
  An ice statue (Gauntlet)
  Maurice (Orc:1)
  10 black mambas
  Psyche (D:8)
  5 gargoyles
  2 naga magi (Snake:2)
  Maggie (D:9)
  A molten gargoyle (Gauntlet)
  15 spiny frogs
  A freezing wraith (D:14)
  5 komodo dragons
  3 rime drakes
  An efreet (D:11)
  12 trolls
  A queen bee (D:10)
  A tengu conjurer (D:13)
  5 polar bears
  Grinder (D:3)
  3 hornets
  14 blink frogs
  3 slime creatures (D:14)
  A bog body (Lair:4)
  25 dream sheep
  10 hippogriffs
  A meliai zombie (D:15)
  2 vampires
  2 shadows
  A human (D:9)
  A wraith (D:12)
  A tarantella (shapeshifter) (D:15)
  3 wyverns
  2 hungry ghosts
  2 steam dragons
  56 yaks
  12 wargs
  2 nagas
  9 water moccasins
  2 acid dragons
  9 porcupines
  A meliai simulacrum (D:14)
  5 sky beasts
  30 orc warriors
  10 ice beasts
  6 phantoms
  2 black bears
  11 ogres
  An eye of draining (D:14)
  7 wolves
  10 centaurs
  8 crocodiles
  A wyvern zombie (D:14)
  7 big kobolds
  A gnoll sergeant (Orc:1)
  17 bullfrogs
  2 wyvern skeletons (D:14)
  3 scorpions
  A water moccasin skeleton (D:6)
  37 killer bees
  18 wights
  3 howler monkeys
  9 crimson imps
  2 bullfrog zombies
  5 centaur zombies
  3 quasits
  6 hounds
  29 orc priests
  A bullfrog skeleton (D:6)
  2 gnoll shamans
  Crazy Yiuf (D:6)
  6 jellies
  5 centaur skeletons
  6 iguanas
  31 orc wizards
  Natasha (twice) (D:3)
  10 worker ants
  19 gnolls
  3 river rats (Sewer)
  11 adders
  5 shadow imps
  A white imp (D:6)
  6 oozes
  2 adder skeletons
  7 worms
  4 dart slugs
  6 leopard geckos
  116 orcs
  10 giant cockroaches
  4 goblins
  9 hobgoblins
  7 jackals
  28 kobolds
  6 quokkas
  2 ball pythons (Sewer)
  4 bats
  7 frilled lizards
  A jackal skeleton (D:8)
  A quokka skeleton (D:4)
  14 rats
  A fungus (D:6)
878 creatures vanquished.

Vanquished Creatures (collateral kills)
  An orc high priest (Orc:2)
  An orc sorcerer (Orc:2)
  2 orcs (Orc:2)
4 creatures vanquished.

Vanquished Creatures (others)
  An orc warrior (Orc:2)
  2 orcs (D:10)
  A bush (Lair:3)
  8 demonic plants (Gauntlet)
  7 fungi
  7 plants
26 creatures vanquished.

Grand Total: 908 creatures vanquished
